 Dungeon Crawl Stone Soup version 0.31-a0-271-gb88eb75e06 (webtiles) character file.

Game seed: 12078692378321873652

294 LustLizard the Ruffian (level 6, 0/29 HPs)
             Began as a Troll Shapeshifter on July 14, 2023.
             Slain by a black bear (3 damage)
             ... on level 4 of the Dungeon.
             The game lasted 00:05:16 (1874 turns).

LustLizard the Ruffian (Troll Shapeshifter)         Turns: 1874, Time: 00:05:17

Health: 0/29       AC:  2    Str: 24    XL:     6   Next: 11%
Magic:  5/5        EV: 10    Int:  6    God:
Gold:   141        SH:  0    Dex: 10    Spells: 5/5 levels left

rFire   . .          .
                       - Unarmed
rCold   . . .        (shield currently unavailable)
rNeg    . . .        a - +0 animal skin
rPois   .            (helmet restricted)
rElec   .            (no cloak)
rCorr   .            (gloves unavailable)
SInv    .            (boots unavailable)
Will    .....        (no amulet)
Stlth   +            (no ring)
HPRegen 1.04/turn    (no ring)
MPRegen 0.09/turn

%: no passive effects
@: blade hands
A: reduced hp, large, unfitting armour, claws 3, regeneration 1, shaggy fur 1,
tough skin 1
a: Begin Untransformation


You were on level 4 of the Dungeon.
You had blades for hands.
You visited 1 branch of the dungeon, and saw 4 of its levels.

You collected 141 gold pieces.

Inventory:

Missiles
 e - a throwing net
Armour
 a - a +0 animal skin (worn)
Jewellery
 n - a ring of ice
Talismans
 c - a beast talisman
 o - a blade talisman
Wands
 p - a wand of roots (2)
Scrolls
 d - 2 scrolls of identify
 f - 2 scrolls of blinking {unknown}
 g - a scroll of poison {unknown}
 i - 3 scrolls of noise {unknown}
 j - a scroll of enchant armour {unknown}
 k - a scroll of fog {unknown}
 l - a scroll of silence {unknown}
 q - a scroll of vulnerability {unknown}
Potions
 b - a potion of lignification
 h - a potion of curing
 m - a potion of might


   Skills:
 + Level 2.9 Fighting
 - Level 1.9 Dodging
 * Level 4.5 Unarmed Combat
 + Level 3.9 Shapeshifting


You had 5 spell levels left.
You didn't know any spells.
Your spell library contained the following spells:

 Spells                   Type           Power      Damage    Failure   Level
 Summon Guardian Golem    Hex/Summ       0%         N/A       98%         3
 Orb of Destruction       Conj           0%         9d5       100%        7
 Spellforged Servitor     Conj/Summ      0%         N/A       100%        7


Dungeon Overview and Level Annotations

Branches:
Dungeon (4/15)
 Temple: D:4-7

Altars:
Cheibriados
Fedhas
Okawaru
Xom


Innate Abilities, Weirdness & Mutations

You have blades for hands.
Your maximum health is decreased, since you lack skill for your form.
Your spellcasting is less reliable in this form.
You are incapable of wielding weapons or throwing items.
You are too large for most types of armour.
You have claws for hands.
Your natural rate of healing is unusually fast.
You are covered in fur. (AC +1)
You have tough skin. (AC +1)


Message History

You climb downwards.
You hear the sound of rushing water.
There is an entrance to a sewer on this level.
Hurry and find it before the portal rusts away!
The ball python hisses angrily.
Found a blade talisman.
Found an iron altar of Okawaru.
There is a stone staircase leading up here.
You barely miss the ball python. The ball python barely misses you.
You barely miss the ball python.
The ball python bites you but does no damage.
You closely miss the ball python. The ball python barely misses you.
You slash the ball python!
You kill the ball python!
You open the door.
There is an open door here.
A dart slug comes into view.
The dart slug launches a dart at you. The slug dart hits you.
A black bear comes into view.
Found 11 gold pieces.
The black bear growls angrily.
You slash the dart slug!
The dart slug is almost dead.
The black bear bites you!
The black bear claws you but does no damage.
The black bear barely misses you.
The dart slug bites you but does no damage.
You slice the dart slug!!
You kill the dart slug!
The black bear bites you! The black bear claws you.
The black bear barely misses you.
You hit the black bear but do no damage.
The black bear barely misses you. x2; The black bear claws you.
You slash the black bear!
The black bear is severely wounded.
The black bear bites you.
* * * LOW HITPOINT WARNING * * *
The black bear claws you.
* * * LOW HITPOINT WARNING * * *
The black bear claws you.
You die...

### #.. .######.# #
. .$....h.#.# ..
####@#.# .. #......#
#.## #.##.###
..#...###'##........
...........#######..
_.◑....<...#
...........#
..#........#
#........#


You could see a black bear.

Vanquished Creatures
  A howler monkey (D:3)
  2 crimson imps (D:3)
  An orc wizard (D:3)
  2 adders
  7 gnolls
  3 dart slugs
  4 orcs (D:3)
  4 ball pythons
  9 bats
  4 endoplasms
  3 giant cockroaches (D:1)
  7 hobgoblins
  4 jackals (D:3)
  2 quokkas
  2 frilled lizards (D:3)
  9 goblins
  3 kobolds
  4 rats (D:1)
71 creatures vanquished.

Notes
Turn   | Place    | Note
-------+----------+-------------------------------------------
     0 | D:1      | LustLizard the Troll Shapeshifter began the quest for the
                  | Orb.
     0 | D:1      | Reached XP level 1. HP: 19/19 MP: 0/0
    42 | D:1      | Reached XP level 2. HP: 28/28 MP: 1/1
   218 | D:1      | Reached XP level 3. HP: 35/35 MP: 2/2
   604 | D:2      | Reached skill level 3 in Unarmed Combat
   610 | D:2      | Reached XP level 4. HP: 42/42 MP: 3/3
  1386 | D:3      | Found a snail-covered altar of Cheibriados.
  1400 | D:3      | Reached XP level 5. HP: 11/50 MP: 4/4
  1492 | D:3      | Reached skill level 4 in Unarmed Combat
  1702 | D:3      | Found a blossoming altar of Fedhas.
  1811 | D:3      | Found a shimmering altar of Xom.
  1822 | D:3      | Reached XP level 6. HP: 27/59 MP: 5/5
  1857 | D:4      | Found an iron altar of Okawaru.
  1874 | D:4      | Slain by a black bear

Illustrated notes

Levels and vault maps discovered:
D:1:      tarquinn_simple_flora_water_d, layout_rooms, minivault_23,
          amcnicky_mini_rare_corridor_liquid, minmay_domino_4
D:2:      layout_basic, moated_statue
D:3:      layout_rooms, mainiacjoe_overflow_small_starburst,
          mainiacjoe_overflow_brackets, led_xom_imps
D:4:      minmay_inner_zag, layout_basic, okawaru_gym_becter,
          portal_sewer_entry_c

Skill      XL: |  1  2  3  4  5 |
---------------+----------------+-----
Fighting       | 2 |  2.9
Unarmed Combat | 3 4 |  4.5
Dodging        | |  1.9
Shapeshifting  | |  3.9

Action                     |  1- 3 |  4- 6 || total
---------------------------+-------+-------++-------
  Melee: Unarmed           |    84 |    94 ||   178
         Punch             |     1 |     1 ||     2
    Use: Scroll            |     1 |     1 ||     2
 Armour: Animal skin       |    63 |    20 ||    83
  Dodge: Dodged            |    71 |    46 ||   117
         Form:             |     1 |       ||     1
         Beast             |     1 |       ||     1
         Blade             |       |     1 ||     1

Table legend: (Time is in decaauts)
 A = Elapsed time spent in this place.
 B = Non-inter-level travel time spent in this place.
 C = Inter-level travel time spent in this place.
 D = Time resting spent in this place.
 E = Time spent auto-exploring this place.
 F = Levels seen in this place.
 G = Mean time per level.
                   A        B        C        D        E       F      G
               +--------+--------+--------+--------+--------+-----+--------+
         Total |   1862 |   1832 |     30 |      0 |   1413 |   4 |  465.5 |
       Dungeon |   1862 |   1832 |     30 |      0 |   1413 |   4 |  465.5 |
               +--------+--------+--------+--------+--------+-----+--------+

Top non-repeatable levels by time:
     D:2: 892 daAuts
     D:1: 478 daAuts
     D:3: 474 daAuts
     D:4: 16 daAuts
